 Dungeon Crawl Stone Soup version 0.29.0 (webtiles) character file.

Game seed: 1444075837700446079

8600 Kramburger the Cleaver (level 11, -2/107 HPs)
             Began as a Troll Warper on Sept 18, 2022.
             Was the Champion of Jiyva.
             Slain by Snorg (13 damage)
             ... on level 11 of the Dungeon on Sept 19, 2022.
             The game lasted 01:14:14 (6719 turns).

Kramburger the Cleaver (Troll Warper)               Turns: 6719, Time: 01:14:16

Health: -2/107     AC:  4    Str: 29    XL:     11   Next: 12%
Magic:  12/12      EV: 10    Int: 14    God:    Jiyva [******]
Gold:   132        SH:  7    Dex: 13    Spells: 3/12 levels left

rFire   . . .      SeeInvis .   r - +6 war axe "Imp's Funeral" {drain, Int+3}
rCold   . . .      Faith    .   J - +1 kite shield {reflect}
rNeg    . . .      Spirit   .   M - +0 troll leather armour
rPois   .          Reflect  +   (helmet restricted)
rElec   .          Harm     .   (no cloak)
rCorr   +          Rampage  .   (gloves unavailable)
Will    .....                   (boots unavailable)
Stlth   +++.......              f - amulet of the acrobat
HPRegen 3.47/turn               i - +6 ring of dexterity
MPRegen 0.63/turn               (no ring)

@: no status effects
A: large, unfitting armour, claws 3, regeneration 1, shaggy fur 1, tough skin 1,
horns 1, strong 2, pseudopods 3, translucent skin 2, jelly absorbing missiles,
MP-powered wands, engulf
a: Renounce Religion, Oozemancy, Slimify


You were on level 11 of the Dungeon.
You worshipped Jiyva.
Jiyva was exalted by your worship.
You visited 1 branch of the dungeon, and saw 11 of its levels.

You collected 132 gold pieces.

Inventory:

Hand Weapons
 e - a +0 sling
 h - a +2 dagger of venom
 r - the +6 war axe "Imp's Funeral" (weapon) {drain, Int+3}
   (You found it on level 2 of the Dungeon)

   A truly terrible weapon, it drains the life of any living foe it strikes.
   Int:       It affects your intelligence (+3).
 u - a +1 scythe of protection
 x - a +1 trident of venom
 y - a +2 mace of protection
 z - a +0 falchion of venom
 F - a +3 flail
 P - a +2 scimitar of protection
Missiles
 c - 7 boomerangs of dispersal (quivered)
 l - 32 stones
 o - 3 boomerangs
 v - 2 throwing nets
 Q - 6 silver javelins
Armour
 a - a +0 robe
 E - the +0 leather armour of Zonimaak {rPois Dex+5}
   (You found it on level 7 of the Dungeon)

   Dex:       It affects your dexterity (+5).
   rPois:     It protects you from poison.
 J - a +1 kite shield of reflection (worn)
 M - a +0 troll leather armour (worn)
Magical Staves
 t - a staff of air
Jewellery
 f - an amulet of the acrobat (around neck)
 g - an amulet of the acrobat
 i - a +6 ring of dexterity (left claw)
Wands
 n - a wand of flame (17)
 w - a wand of roots (13)
 B - a wand of paralysis (4)
 H - a wand of mindburst (5)
Scrolls
 b - 4 scrolls of blinking
 d - 2 scrolls of identify
 j - a scroll of silence
 p - 2 scrolls of poison
 q - a scroll of amnesia
 A - 2 scrolls of vulnerability
 G - a scroll of magic mapping
 O - a scroll of torment {unknown}
Potions
 k - a potion of attraction
 m - 2 potions of curing
 s - a potion of flight
 C - 2 potions of invisibility
 D - 2 potions of heal wounds
 I - 2 potions of resistance
 K - 2 potions of degeneration {unknown}
 L - a potion of cancellation {unknown}
 N - 2 potions of magic {unknown}


   Skills:
 + Level 6.4 Fighting
 + Level 10.2 Axes
 + Level 0.8 Throwing
 + Level 0.5 Armour
 + Level 6.2 Dodging
 + Level 2.7 Stealth
 + Level 4.1 Unarmed Combat
 + Level 1.4 Spellcasting
 + Level 3.0 Translocations


You had 3 spell levels left.
You knew the following spells:

 Your Spells              Type           Power      Damage    Failure   Level
a - Blink                 Tloc           18%        N/A       32%         2
b - Teleport Other        Tloc           9%         N/A       54%         3
c - Magic Dart            Conj           4%         1d3       58%         1
d - Gell's Gravitas       Tloc           9%         N/A       54%         3

Your spell library contained the following spells:

 Spells                   Type           Power      Damage    Failure   Level
 Lesser Beckoning         Tloc           9%         N/A       54%         3
 Call Imp                 Summ           1%         N/A       75%         2
 Scorch                   Fire           2%         2d5       75%         2
 Mephitic Cloud           Conj/Pois/Air  1%         N/A       92%         3
 Manifold Assault         Tloc           9%         N/A       99%         5
 Airstrike                Air            0%         2d(1-17)  100%        4
 Flame Wave               Conj/Fire      1%         2d4       100%        4
 Summon Lightning Spire   Summ/Air       1%         N/A       100%        4
 Freezing Cloud           Conj/Ice/Air   0%         6-21      100%        5
 Lightning Bolt           Conj/Air       0%         1d11      100%        5
 Simulacrum               Ice/Necr       0%         N/A       100%        6
 Summon Cactus Giant      Summ           0%         N/A       100%        6
 Polar Vortex             Ice            0%         N/A       100%        9


Dungeon Overview and Level Annotations

Branches:
Dungeon (11/15)               Orc (0/2) D:11
 Temple: D:4-7         Lair: D:8-11

Altars:
Trog
Jiyva

Shops:
D:8 :   D:11 *

Annotations:
D:11 Snorg


Innate Abilities, Weirdness & Mutations

You are too large for most types of armour.
You have claws for hands.
Your natural rate of healing is unusually fast.
You are covered in fur. (AC +1)
You have tough skin. (AC +1)
You have a pair of small horns on your head.
Your muscles are very strong. (Str +8, Int/Dex -2)
Armour fits poorly on your massive pseudopods.
Your translucent skin reduces your foes' accuracy. (Stealth+)
You have a small jelly attached to you that may absorb projectiles.
You expend magic power (3 MP) to strengthen your wands.
Your melee attacks may engulf your foes in ooze.


Message History

6 large rocks; a cyclops corpse
Items here: ))) [ ††.
Items here: )) [[.
Things that are here:
a +0 short sword; a +2 leather armour of fire resistance
Okay, then.
Found a stone staircase leading down and a stone staircase leading up.
l - 32 stones (gained 5) Snorg the Insatiable comes into view.
Found a wand of roots (5).
A troll comes into view.
There is a stone staircase leading up here.
You block Snorg's attack. Snorg completely misses you.
Snorg claws you but does no damage.
You slash Snorg!
Snorg is lightly wounded.
Snorg goes berserk!
You barely miss Snorg.
Snorg is lightly wounded.
Snorg bites you. You block Snorg's attack. Snorg closely misses you.
Snorg bites you! Snorg closely misses you. You block Snorg's attack.
You barely miss Snorg.
Snorg is lightly wounded.
Snorg misses you. You block Snorg's attack. Snorg claws you!! Snorg bites you!!
Snorg claws you. Snorg claws you!
You barely miss Snorg. You bludgeon Snorg!
Snorg is lightly wounded.
You block Snorg's attack. Snorg closely misses you. Snorg claws you.
Snorg barely misses you. Snorg claws you. You block Snorg's attack.
You closely miss Snorg.
Snorg is lightly wounded.
Snorg closely misses you. Snorg barely misses you. You block Snorg's attack.
You barely miss Snorg. Your headbutt misses Snorg.
Snorg is lightly wounded.
Snorg bites you!
* * * LOW HITPOINT WARNING * * *
Snorg claws you!!
* * * LOW HITPOINT WARNING * * *
You block Snorg's attack. Snorg barely misses you. Snorg claws you!
You die...

#.#. #.. ....T. . #..#.. ..
## #..#.###. . #..#.../ #.
#..#..# #########
#.##.##.....# #........
.....>..<.## #.#####..
###.....@.# #.##.....
##.....T# #†##.##..
##...#...#####†##.##..
#...######..........#
#...######.##.##.####
#...#...##.##.......#
#######...#...##.##.##.##..
#.#.............†..##.##.#
.
#....[.............##.##..


You could see Snorg (berserk) and a troll (asleep).

Vanquished Creatures
  A two-headed ogre (D:11)
  Pikel (D:6)
  A cyclops (D:11)
  A troll (D:11)
  Sigmund (D:3)
  17 yaks
  2 steam dragons (D:8)
  2 water moccasins
  2 orc warriors (D:6)
  A black bear (D:8)
  3 sky beasts
  An ice beast (D:5)
  3 ogres
  5 bullfrogs
  A gnoll sergeant (D:9)
  2 scorpions (D:5)
  4 wights (D:10)
  9 killer bees
  2 howler monkeys
  A gnoll bouda (D:8)
  2 hounds (D:6)
  6 orc priests
  8 orc wizards
  Jessica (D:2)
  An iguana (D:6)
  Ijyb (D:5)
  18 gnolls
  6 adders
  A shadow imp (D:7)
  A white imp (D:5)
  An ufetubus (D:6)
  A dart slug (D:1)
  37 orcs
  4 endoplasms (D:1)
  6 goblins
  3 hobgoblins
  7 jackals (D:1)
  8 kobolds
  3 quokkas
  5 ball pythons (D:1)
  7 bats
  4 frilled lizards (D:1)
  3 rats
194 creatures vanquished.

Vanquished Creatures (collateral kills)
  A boulder beetle (D:11)
  Urug (D:11)
  2 orcs (D:11)
4 creatures vanquished.

Vanquished Creatures (others)
  A kobold demonologist (D:10)
  A centaur (D:9)
  A lemure (D:6)
  A scorpion (D:5)
  A necrophage (D:6)
  A wight (D:10)
  24 jellies
  An orc priest (D:10)
  2 orc wizards
  5 adders
  3 gnolls (D:9)
  A shadow imp (D:3)
  An ufetubus (D:6)
  2 worms (D:2)
  3 dart slugs
  10 orcs
  A ball python (D:2)
  2 endoplasms (D:3)
  3 goblins
  2 jackals (D:3)
  A quokka (D:2)
  A frilled lizard (D:3)
  A kobold (D:3)
  6 rats
75 creatures vanquished.

Grand Total: 273 creatures vanquished

Notes
Turn   | Place    | Note
-------+----------+-------------------------------------------
     0 | D:1      | Kramburger the Troll Warper began the quest for the Orb.
     0 | D:1      | Reached XP level 1. HP: 19/19 MP: 1/1
   107 | D:1      | Found a faded altar of an unknown god.
   115 | D:1      | Reached XP level 2. HP: 27/27 MP: 2/2
   319 | D:1      | Reached XP level 3. HP: 27/33 MP: 4/4
   323 | D:1      | Learned a level 2 spell: Blink
   413 | D:1      | Prayed at the altar of an unknown god.
   413 | D:1      | Became a worshipper of Jiyva Jaufrolu the Shapeless
   413 | D:1      | Reached * piety under Jiyva
   472 | D:1      | HP: 1/33 [poisoned by a kobold]
   946 | D:2      | Noticed Jessica
   963 | D:2      | Killed Jessica
   964 | D:2      | Reached XP level 4. HP: 41/41 MP: 5/5
  1062 | D:2      | Identified the +6 war axe "Imp's Funeral" {drain, Int+3}
  1095 | D:2      | Reached ** piety under Jiyva
  1513 | D:3      | Identified the +7 sling of the Valley {vorpal, Contam
                  | +Blink Str+6}
  1517 | D:3      | Noticed Sigmund
  1560 | D:3      | Killed Sigmund
  1561 | D:3      | Reached skill level 1 in Axes
  1561 | D:3      | Reached skill level 1 in Stealth
  1561 | D:3      | Reached XP level 5. HP: 12/49 MP: 6/6
  1596 | D:3      | Reached XP level 6. HP: 43/57 MP: 7/7
  1606 | D:3      | Reached *** piety under Jiyva
  1748 | D:3      | Learned a level 3 spell: Teleport Other
  1891 | D:4      | You fall into a shaft and drop 2 floors!
  1934 | D:5      | Entered Level 5 of the Dungeon
  1961 | D:5      | Gained mutation: You have a small jelly attached to you
                  | that may absorb projectiles. [Jiyva's grace]
  1961 | D:5      | Gained mutation: You expend magic power (3 MP) to
                  | strengthen your wands. [Jiyva's grace]
  1961 | D:5      | Gained mutation: You have a pair of small horns on your
                  | head. [Jiyva's grace]
  1961 | D:5      | Gained mutation: You have a pair of horns on your head.
                  | [Jiyva's grace]
  1995 | D:5      | Reached skill level 2 in Axes
  2045 | D:5      | Noticed Ijyb
  2060 | D:5      | Killed Ijyb
  2088 | D:5      | Reached XP level 7. HP: 63/66 MP: 8/8
  2264 | D:5      | Reached skill level 3 in Axes
  2713 | D:6      | Reached skill level 4 in Axes
  2713 | D:6      | Reached XP level 8. HP: 14/78 MP: 9/9
  2797 | D:6      | Reached **** piety under Jiyva
  2838 | D:6      | Found a runed translucent door.
  2841 | D:6      | Learned a level 1 spell: Magic Dart
  2871 | D:6      | Reached skill level 5 in Axes
  3079 | D:6      | Found a bloodstained altar of Trog.
  3103 | D:6      | Noticed Pikel
  3109 | D:6      | Killed Pikel
  3110 | D:6      | Reached skill level 6 in Axes
  3110 | D:6      | Reached XP level 9. HP: 85/85 MP: 10/10
  3566 | D:7      | Reached ***** piety under Jiyva
  3667 | D:7      | Lost mutation: You have a pair of horns on your head.
                  | [Jiyva's grace]
  3667 | D:7      | Gained mutation: Your muscles are strong. (Str +4, Int/Dex
                  | -1) [Jiyva's grace]
  3667 | D:7      | Gained mutation: Your muscles are very strong. (Str +8,
                  | Int/Dex -2) [Jiyva's grace]
  3667 | D:7      | Gained mutation: Your translucent skin slightly reduces
                  | your foes' accuracy. (Stealth+) [Jiyva's grace]
  3667 | D:7      | Gained mutation: Your translucent skin reduces your foes'
                  | accuracy. (Stealth+) [Jiyva's grace]
  3974 | D:7      | Identified the +0 leather armour of Zonimaak {rPois Dex+5}
  4147 | D:7      | Learned a level 3 spell: Gell's Gravitas
  4445 | D:8      | Reached skill level 7 in Axes
  4447 | D:8      | Found Qaywn's Book Shoppe.
  4481 | D:8      | Reached skill level 5 in Fighting
  4785 | D:8      | Reached skill level 5 in Dodging
  4787 | D:8      | Reached skill level 8 in Axes
  4902 | D:9      | Reached XP level 10. HP: 67/96 MP: 11/11
  5537 | D:9      | Reached skill level 9 in Axes
  5784 | D:10     | Entered Level 10 of the Dungeon
  5865 | D:10     | Gained mutation: Your melee attacks may engulf your foes in
                  | ooze. [Jiyva's grace]
  5865 | D:10     | Gained mutation: Armour fits poorly on your pseudopods.
                  | [Jiyva's grace]
  5865 | D:10     | Gained mutation: Armour fits poorly on your large
                  | pseudopods. [Jiyva's grace]
  5865 | D:10     | Gained mutation: Armour fits poorly on your massive
                  | pseudopods. [Jiyva's grace]
  5989 | D:10     | Reached ****** piety under Jiyva
  6492 | D:11     | Noticed a boulder beetle
  6508 | D:11     | Killed a boulder beetle
  6574 | D:11     | Found a staircase to the Orcish Mines.
  6580 | D:11     | Noticed a two-headed ogre
  6580 | D:11     | Noticed a cyclops
  6583 | D:11     | Killed a two-headed ogre
  6584 | D:11     | Reached skill level 10 in Axes
  6584 | D:11     | Reached XP level 11. HP: 74/105 MP: 12/12
  6643 | D:11     | Found Igiaf's Mayhem Merchandise.
  6666 | D:11     | Noticed Urug
  6671 | D:11     | Killed Urug
  6710 | D:11     | Noticed Snorg
  6719 | D:11     | Slain by Snorg

Illustrated notes

Levels and vault maps discovered:
D:1:      grunt_arrival_crossed_arrows, layout_loops_ring,
          ebering_ecumenical_altar_abandoned
D:2:      layout_rooms, uniq_jessica
D:3:      layout_basic, minmay_joined_circles, uniq_sigmund
D:4:      layout_rooms, mainiacjoe_overflow_alcove_4, temple_statues,
          corexii_hall_statues_l, minmay_liquid_box
D:5:      layout_loops_cross, uniq_ijyb
D:6:      layout_basic, mainiacjoe_overflow_boulevard, kennysheep_diamond,
          lightli_church_of_beogh, uniq_pikel
D:7:      layout_basic, minmay_puff
D:8:      layout_loops_ring, serial_shops, kennysheep_mini_moat,
          eino_tiny_chamber
D:9:      layout_cave_pods
D:10:     layout_basic, hex_large
D:11:     layout_loops_cross, lair_entry_dummy, david_orc_2, minmay_shop_mayhem,
          nicolae_sif_muna_little_library, uniq_psyche, uniq_urug, uniq_snorg

Skill      XL: |  1  2  3  4  5  6  7  8  9 10 |
---------------+-------------------------------+-----
Dodging        | 2 3 4 5 6 |  6.2
Unarmed Combat | 3 4 |  4.1
Axes           | 1 2 4 6 8 10 | 10.2
Stealth        | 1 2 |  2.7
Fighting       | 2 3 4 5 6 |  6.4
Translocations | 3 |  3.0
Throwing       | |  0.8
Armour         | |  0.5
Spellcasting   | |  1.4

Action                   |  1- 3 |  4- 6 |  7- 9 | 10-12 || total
-------------------------+-------+-------+-------+-------++-------
Melee: Unarmed           |    84 |    14 |       |       ||    98
       Punch             |     3 |       |     4 |     3 ||    10
       War axe           |       |    77 |   165 |   112 ||   354
       Headbutt          |       |     4 |    33 |    22 ||    59
       Pseudopods        |       |       |       |    13 ||    13
 Cast: Blink             |       |     2 |     1 |       ||     3
  Use: Potion            |     2 |     1 |     2 |       ||     5
       Scroll            |       |       |     5 |     3 ||     8
 Stab: Sleeping          |     2 |       |     2 |     3 ||     7
       Distracted        |       |       |     1 |       ||     1
Armor: Robe              |    22 |    38 |    43 |    15 ||   118
       Troll leather arm |       |       |       |     2 ||     2
Dodge: Dodged            |    56 |   120 |   151 |    95 ||   422
Block: Kite shield       |       |       |       |    12 ||    12
